cohdb
Replays
Latest Replays
All Replays
Popular Replays
Top Player Replays
Match Explorer
How It Works
Community
CoH3 Stats
Reddit
Sign in to upload your games and track your stats! →
Sign in with Steam
Match 46644122
Unlisted
Match 46644122
Overview
Messages
Build Orders
End
Panzergrenadier Squad
Kradschützen Motorcycle Team
Panzergrenadier Squad
Construct Light Support Kompanie
MG34 Team
Fire Support Elements
Flakvierling Half-track
Assault Mechanized Group
Vehicle Survival Package
Pak 38 Anti-tank Gun Team
2.5-tonne Medical Truck
Combat Half-tracks
Construct Panzerarmee Kommand
Emergency Repair Kits
Rapid Advance
Walking Stuka Rocket Launcher
Flak 36 Anti-tank Gun Team
Tungsten Core Ammunition
Advanced Optics
Armored Reserves
Selects Panzerjäger Kommand Battlegroup
Selects Tank Busters
Selects Crew Shock Tactics
Tiger Heavy Tank
Selects Anti-tank Overwatch
Anti-tank Overwatch
Anti-tank Overwatch
Construct Mechanized Kompanie
Selects Mine Fields
Selects Defensive Positions
Selects Butterfly Bomb Drop
18-tonne Recovery Half-track
Butterfly Bomb Drop
Anti-tank Overwatch
Butterfly Bomb Drop
Panzer IV Assault Group
Sad Pepe
gio_misro
CommissarJuriSprite
RamsHead
0
0
Comments
sign in to comment!
No comments posted yet!